Gangsters vs Sasquatch
(R1)
Created - April 14, 2019 at 19:36
Goals
|
| Gangsters |
1 |
1 |
1 |
3 |
| Sasquatch |
1 |
1 |
3 |
5 |
|
Shots
|
| Gangsters |
5 |
19 |
11 |
35 |
| Sasquatch |
13 |
8 |
13 |
34 |
|
1st period
1. Sasquatch , Jesper Fast 41 (Drew Shore 66, Josh Morrissey 10) at 5:31
2. Gangsters , Maxime Sauvé 44 (Magnus Paajarvi-Svensson 11) at 16:59
Penalties :
Austen Brassard (Bro) for Roughing (Minor) at 1:29, Brett Ponich (Bro) for Hooking (Minor) at 5:43
2nd period
3. Sasquatch , Matt Halischuk 29 (Sergey Kalinin 20) at 11:21
4. Gangsters , Tomas Hertl 27 (Brett Ponich 27, Dave Dziurzynski 54) at 18:43
Penalties :
Sergey Kalinin (Gat) for Roughing (Double Minor) at 1:34, Brock Trotter (Gat) for Holding (Minor) at 7:30
3rd period
5. Sasquatch , Nicolas Deslauriers 14 (David Desharnais 13, Teemu Hartikainen 16) at 7:48
6. Sasquatch , Matt Halischuk 30 (Teemu Hartikainen 17) at 8:06
7. Sasquatch , Drew Shore 43 (Ryan Dzingel 13, Jesper Fast 47) at 11:42
8. Gangsters , Magnus Paajarvi-Svensson 4 (Devante Smith-Pelly 32) at 16:27
Penalties :
Josh Morrissey (Gat) for Interference (Minor) at 2:02
Goalie Stats
Mike Condon (Bro), 29 saves from 34 shots - (0.853), L, 12-10-1, 60:00 minutes
Joonas Korpisalo (Gat), 32 saves from 35 shots - (0.914), W, 23-13-2, 60:00 minutes
Players Stats for Gangsters
Player Name G A P +/- PIM S H SB GA TA FO MP PP MP PK MP
------------------------------------------------------------------------------------
Adam Lowry 0 0 0 0 0 0 0 0 0 0 0/0 1:03 0:36 0:00
Anthony Camara 0 0 0 -1 0 1 1 0 0 0 0/0 7:15 0:37 0:00
Austen Brassard 0 0 0 0 2 0 1 1 0 0 0/0 7:31 0:33 0:00
Brett Ponich 0 1 1 0 2 0 4 2 0 2 0/0 24:48 4:46 1:01
Dave Dziurzynski 0 1 1 -3 0 6 2 1 0 1 0/0 17:16 3:16 0:00
David Pope 0 0 0 0 0 0 0 0 0 0 0/0 4:05 0:00 0:00
Derrick Pouliot 0 0 0 0 0 1 0 0 0 0 0/0 11:09 0:00 0:00
Devante Smith-Pelly 0 1 1 2 0 3 0 1 0 1 2/3 21:48 3:55 1:34
Jonas Brodin 0 0 0 -2 0 2 0 1 0 0 0/0 20:16 3:11 1:53
Jordan Subban 0 0 0 0 0 0 0 0 0 0 0/0 3:28 0:00 0:00
Kevin Roy 0 0 0 0 0 0 1 0 0 0 1/4 6:43 0:00 0:00
Magnus Paajarvi-Svensson 1 1 2 2 0 3 2 0 1 1 2/4 22:06 4:03 1:46
Matt Delahey 0 0 0 0 0 4 3 2 4 1 0/0 28:35 4:46 2:05
Maxime Sauvé 1 0 1 2 0 7 2 0 0 0 17/35 22:26 4:03 2:12
Morgan Ellis 0 0 0 -2 0 1 1 3 0 1 0/0 20:16 3:11 1:53
Phillip Danault 0 0 0 0 0 0 0 1 0 0 0/0 7:09 0:05 0:00
Sebastian Collberg 0 0 0 -1 0 1 1 0 0 0 0/0 10:35 0:00 0:00
Seth Griffith 0 0 0 -1 0 1 1 0 0 0 3/7 11:06 0:02 0:12
Stefan Noesen 0 0 0 -3 0 1 3 0 0 0 0/0 17:16 3:16 0:00
Steven Santini 0 0 0 0 0 0 1 0 0 0 0/0 11:31 0:00 1:04
Tomas Hertl 1 0 1 -3 0 4 0 0 0 0 7/11 19:38 3:25 2:12
Players Stats for Sasquatch
Player Name G A P +/- PIM S H SB GA TA FO MP PP MP PK MP
------------------------------------------------------------------------------------
Andrew Campbell 0 0 0 0 0 0 3 2 0 1 0/0 28:04 2:37 4:16
Brett Pesce 0 0 0 1 0 0 0 0 0 0 0/0 12:05 0:00 0:23
Brock Trotter 0 0 0 -1 2 2 0 0 1 0 0/0 13:50 1:52 1:06
David Desharnais 0 1 1 1 0 2 0 0 1 0 1/3 6:57 0:00 0:00
Devin Shore 0 0 0 -1 0 0 2 0 0 0 2/7 12:34 1:52 0:55
Dougie Hamilton 0 0 0 0 0 2 1 4 0 1 0/0 28:09 2:37 4:16
Drew Shore 1 1 2 1 0 8 2 0 0 0 20/36 22:41 2:06 3:54
Jesper Fast 1 1 2 1 0 8 5 0 1 1 2/3 18:47 2:06 0:00
Josh Morrissey 0 1 1 1 2 0 0 0 0 0 0/0 12:51 1:21 0:00
Martin Marincin 0 0 0 1 0 1 0 0 0 0 0/0 19:40 0:00 3:41
Matt Halischuk 2 0 2 1 0 3 1 1 0 0 0/0 14:37 1:41 0:00
Nicolas Deslauriers 1 0 1 1 0 3 1 0 1 0 0/0 10:52 0:00 3:55
Petr Straka 0 0 0 -1 0 2 1 2 1 0 1/2 13:30 0:00 2:13
Ryan Dzingel 0 1 1 1 0 2 1 0 1 1 1/2 19:36 2:06 0:18
Sergey Kalinin 0 1 1 1 4 1 3 1 1 1 3/9 15:00 0:11 1:13
Slava Voynov 0 0 0 1 0 0 0 1 0 0 0/0 20:02 1:21 3:18
Sven Andrighetto 0 0 0 1 0 0 0 0 0 0 0/0 6:57 0:00 0:00
Teemu Hartikainen 0 2 2 1 0 0 4 0 0 0 2/2 15:48 0:00 2:20
3 Stars
1 - Matt Halischuk (Gat)
2 - Jesper Fast (Gat)
3 - Drew Shore (Gat)
Power Play
Gangsters - 0 on 4 Attempt(s) - 0.00%
Sasquatch - 0 on 2 Attempt(s) - 0.00%
Penalty Kill
Gangsters - 2 on 2 Attempt(s) - 100.00%
- Score 0 goal in Penalty Kill
Sasquatch - 4 on 4 Attempt(s) - 100.00%
- Score 0 goal in Penalty Kill
Team Stat
Gangsters - Hits : 23 - Faceoff Wins : 32 - Blocked Shots : 12 - Penalty Minutes : 4
Sasquatch - Hits : 24 - Faceoff Wins : 32 - Blocked Shots : 11 - Penalty Minutes : 8
Official
Referees : Unknown
Linesman : Unknown
Game Notes
David Pope is injured at 5:47 of 2nd period (Left Hand)
Finance
Level 1 -- Attendance: 1602 (80.10%) -- Ticket Income $64,080
Level 2 -- Attendance: 736 (73.60%) -- Ticket Income $14,720
Total Attendance: 2338 (77.93%)
Total Ticket Income: $78,800
Other Income: $3,940
Total Income: $82,740
Gangsters
5 vs 5 Forward
Center Left Wing Right Wing Time % Phy DF OF
1 Maxime Sauvé Magnus Paajarvi-Svensson Devante Smith-Pelly 40 1 2 2
2 Tomas Hertl Dave Dziurzynski Stefan Noesen 30 1 2 2
3 Seth Griffith David Pope Sebastian Collberg 20 1 2 2
4 Kevin Roy Phillip Danault Austen Brassard 10 1 2 2
5 vs 5 Defense
Defense Defense Time % Phy DF OF
1 Matt Delahey Brett Ponich 40 1 2 2
2 Morgan Ellis Jonas Brodin 30 1 2 2
3 Derrick Pouliot Steven Santini 20 1 2 2
4 Jordan Subban Matt Delahey 10 1 2 2
PowerPlay Forward
Center Left Wing Right Wing Time % Phy DF OF
1 Maxime Sauvé Magnus Paajarvi-Svensson Devante Smith-Pelly 60 1 2 2
2 Tomas Hertl Dave Dziurzynski Stefan Noesen 40 1 2 2
PowerPlay Defense
Defense Defense Time % Phy DF OF
1 Matt Delahey Brett Ponich 60 1 2 2
2 Morgan Ellis Jonas Brodin 40 1 2 2
Penalty Kill 4 Players Forward
Center Wing Time % Phy DF OF
1 Maxime Sauvé Tomas Hertl 60 1 2 2
2 Magnus Paajarvi-Svensson Devante Smith-Pelly 40 1 2 2
Penalty Kill 4 Players Defense
Defense Defense Time % Phy DF OF
1 Matt Delahey Brett Ponich 60 1 2 2
2 Morgan Ellis Jonas Brodin 40 1 2 2
Penalty Kill - 3 Players Forward
Forward Time % Phy DF OF
1 Maxime Sauvé 60 1 2 2
2 Tomas Hertl 40 1 2 2
Penalty Kill - 3 Players Defense
Defense Defense Time % Phy DF OF
1 Matt Delahey Brett Ponich 60 1 2 2
2 Morgan Ellis Jonas Brodin 40 1 2 2
4 vs 4 Forward
Center Wing Time % Phy DF OF
1 Maxime Sauvé Tomas Hertl 60 1 2 2
2 Magnus Paajarvi-Svensson Devante Smith-Pelly 40 1 2 2
4 vs 4 Defense
Defense Defense Time % Phy DF OF
1 Matt Delahey Brett Ponich 60 1 2 2
2 Morgan Ellis Jonas Brodin 40 1 2 2
Last Minutes Offensive
Center Left Wing Right Wing Defense Defense
Maxime Sauvé Magnus Paajarvi-Svensson Devante Smith-Pelly Matt Delahey Brett Ponich
Last Minutes Defensive
Center Left Wing Right Wing Defense Defense
Maxime Sauvé Magnus Paajarvi-Svensson Devante Smith-Pelly Matt Delahey Brett Ponich
Goaltenders
Starting : Mike Condon
Backup : Dustin Tokarski
Extra Forwards
Normal : Anthony Camara, Adam Lowry, Seth Griffith - PP : Anthony Camara, Adam Lowry - PK : Seth Griffith
Extra Defensemen
Normal : Derrick Pouliot, Steven Santini, Jordan Subban - PP : Derrick Pouliot - PK : Steven Santini, Jordan Subban
Penalty Shots
Maxime Sauvé, Tomas Hertl, Magnus Paajarvi-Svensson, Devante Smith-Pelly, Dave Dziurzynski
Scratches
Richard Panik (Healthy), Ryan Culkin (Broken Ribs Injury), Jordan Binnington (Healthy)
Sasquatch
5 vs 5 Forward
Center Left Wing Right Wing Time % Phy DF OF
1 Drew Shore Ryan Dzingel Jesper Fast 40 1 2 2
2 Sergey Kalinin Teemu Hartikainen Matt Halischuk 30 1 2 2
3 Devin Shore Brock Trotter Petr Straka 20 1 2 2
4 David Desharnais Nicolas Deslauriers Sven Andrighetto 10 1 2 2
5 vs 5 Defense
Defense Defense Time % Phy DF OF
1 Dougie Hamilton Andrew Campbell 40 1 2 2
2 Martin Marincin Slava Voynov 30 1 2 2
3 Josh Morrissey Brett Pesce 20 1 2 2
4 Dougie Hamilton Andrew Campbell 10 1 2 2
PowerPlay Forward
Center Left Wing Right Wing Time % Phy DF OF
1 Drew Shore Ryan Dzingel Jesper Fast 60 1 2 2
2 Devin Shore Brock Trotter Matt Halischuk 40 1 2 2
PowerPlay Defense
Defense Defense Time % Phy DF OF
1 Dougie Hamilton Andrew Campbell 60 1 2 2
2 Josh Morrissey Slava Voynov 40 1 2 2
Penalty Kill 4 Players Forward
Center Wing Time % Phy DF OF
1 Drew Shore Nicolas Deslauriers 60 1 2 2
2 Sergey Kalinin Teemu Hartikainen 40 1 2 2
Penalty Kill 4 Players Defense
Defense Defense Time % Phy DF OF
1 Dougie Hamilton Andrew Campbell 60 1 2 2
2 Martin Marincin Slava Voynov 40 1 2 2
Penalty Kill - 3 Players Forward
Forward Time % Phy DF OF
1 Drew Shore 60 1 2 2
2 Sergey Kalinin 40 1 2 2
Penalty Kill - 3 Players Defense
Defense Defense Time % Phy DF OF
1 Dougie Hamilton Andrew Campbell 60 1 2 2
2 Martin Marincin Slava Voynov 40 1 2 2
4 vs 4 Forward
Center Wing Time % Phy DF OF
1 Drew Shore Ryan Dzingel 60 1 2 2
2 David Desharnais Jesper Fast 40 1 2 2
4 vs 4 Defense
Defense Defense Time % Phy DF OF
1 Dougie Hamilton Andrew Campbell 60 1 2 2
2 Martin Marincin Slava Voynov 40 1 2 2
Last Minutes Offensive
Center Left Wing Right Wing Defense Defense
Drew Shore Ryan Dzingel Matt Halischuk Dougie Hamilton Andrew Campbell
Last Minutes Defensive
Center Left Wing Right Wing Defense Defense
Drew Shore Teemu Hartikainen Matt Halischuk Dougie Hamilton Andrew Campbell
Goaltenders
Starting : Joonas Korpisalo
Backup : Corey Crawford
Extra Forwards
Normal : Sergey Kalinin, Devin Shore, Petr Straka - PP : Sergey Kalinin, Devin Shore - PK : Petr Straka
Extra Defensemen
Normal : Josh Morrissey, Brett Pesce, Martin Marincin - PP : Josh Morrissey - PK : Brett Pesce, Martin Marincin
Penalty Shots
Ryan Dzingel, Devin Shore, Matt Halischuk, Petr Straka, Brock Trotter
Scratches
T.J. Tynan (Healthy), Patrick Wey (Sprained Left Knee Injury), Ty Rattie (Healthy), Patrick Maroon (Healthy), Cal Petersen (Healthy)
% Time on Ice - Gangsters
Lines # - Real PCT - Wanted PCT - Time Play
Normal Forward
1 - 35% - 40% - 16:43
2 - 29% - 30% - 14:04
3 - 22% - 20% - 10:35
4 - 14% - 10% - 6:43
Normal Defense
1 - 39% - 40% - 18:58
2 - 32% - 30% - 15:12
3 - 22% - 20% - 10:27
4 - 7% - 10% - 3:28
PP Forward
1 - 56% - 60% - 4:29
2 - 44% - 40% - 3:28
PP Defense
1 - 60% - 60% - 4:46
2 - 40% - 40% - 3:11
PK Forward
1 - 61% - 60% - 2:24
2 - 39% - 40% - 1:34
PK Defense
1 - 53% - 60% - 2:05
2 - 47% - 40% - 1:53
PK3 Forward
1 - 0% - 60%
2 - 0% - 40%
PK3 Defense
1 - 0% - 60%
2 - 0% - 40%
44 Forward
1 - 0% - 60%
2 - 0% - 40%
44 Defense
1 - 0% - 60%
2 - 0% - 40%
Last Minute Offensive - 0:00
Last Minute Defensive - 0:00
Total
Forward - 60:00
Defense - 60:00
|
% Time on Ice - Sasquatch
Lines # - Real PCT - Wanted PCT - Time Play
Normal Forward
1 - 38% - 40% - 18:13
2 - 28% - 30% - 13:29
3 - 20% - 20% - 9:26
4 - 14% - 10% - 6:57
Normal Defense
1 - 41% - 40% - 19:42
2 - 33% - 30% - 15:55
3 - 23% - 20% - 10:54
4 - 3% - 10% - 1:34
PP Forward
1 - 53% - 60% - 2:06
2 - 47% - 40% - 1:52
PP Defense
1 - 66% - 60% - 2:37
2 - 34% - 40% - 1:21
PK Forward
1 - 71% - 60% - 5:37
2 - 29% - 40% - 2:20
PK Defense
1 - 58% - 60% - 4:39
2 - 42% - 40% - 3:18
PK3 Forward
1 - 0% - 60%
2 - 0% - 40%
PK3 Defense
1 - 0% - 60%
2 - 0% - 40%
44 Forward
1 - 0% - 60%
2 - 0% - 40%
44 Defense
1 - 0% - 60%
2 - 0% - 40%
Last Minute Offensive - 0:00
Last Minute Defensive - 0:00
Total
Forward - 60:00
Defense - 60:00
|
Play-by-Play
1st period
0:01 of 1st period - Drew Shore wins face-off versus Maxime Sauvé in neutral zone.
0:04 of 1st period - Slapshot by Jesper Fast.
0:04 of 1st period - Shot Blocked by Brett Ponich.
0:06 of 1st period - Snap shot by Drew Shore.
0:06 of 1st period - Stopped by Mike Condon without a rebound.
0:07 of 1st period - Drew Shore wins face-off versus Maxime Sauvé in Gangsters zone.
0:18 of 1st period - Devante Smith-Pelly is hit by Ryan Dzingel and loses puck.
0:30 of 1st period - Icing by Brett Ponich.
0:31 of 1st period - Tomas Hertl wins face-off versus Sergey Kalinin in Gangsters zone.
1:01 of 1st period - Sergey Kalinin is hit by Austen Brassard and loses puck.
1:08 of 1st period - Snap shot by Slava Voynov.
1:08 of 1st period - Shot Blocked by Phillip Danault.
1:10 of 1st period - Snap shot by Martin Marincin.
1:10 of 1st period - Stopped by Mike Condon with a rebound.
1:12 of 1st period - Wrist shot by Slava Voynov.
1:12 of 1st period - Shot Misses the Net.
1:14 of 1st period - Slapshot by Sergey Kalinin.
1:14 of 1st period - Shot Misses the Net.
1:16 of 1st period - Slapshot by Sergey Kalinin.
1:16 of 1st period - Shot Blocked by Morgan Ellis.
1:18 of 1st period - Slapshot by Martin Marincin.
1:18 of 1st period - Shot Misses the Net.
1:29 of 1st period - Minor Penalty to Austen Brassard for Roughing.
1:30 of 1st period - Drew Shore wins face-off versus Maxime Sauvé in Gangsters zone.
1:32 of 1st period - Wrist shot by Jesper Fast.
1:32 of 1st period - Stopped by Mike Condon with a rebound.
1:34 of 1st period - Snap shot by Ryan Dzingel.
1:34 of 1st period - Shot Misses the Net.
1:56 of 1st period - Devin Shore is hit by Brett Ponich and loses puck.
2:01 of 1st period - Wrist shot by Magnus Paajarvi-Svensson.
2:01 of 1st period - Stopped by Joonas Korpisalo with a rebound.
2:03 of 1st period - Slapshot by Jonas Brodin.
2:03 of 1st period - Shot Blocked by Dougie Hamilton.
2:07 of 1st period - Snap shot by Magnus Paajarvi-Svensson.
2:07 of 1st period - Deflect By Devante Smith-Pelly.
2:07 of 1st period - Stopped by Joonas Korpisalo with a rebound.
2:09 of 1st period - Wrist shot by Magnus Paajarvi-Svensson.
2:09 of 1st period - Shot Misses the Net.
2:32 of 1st period - Icing by Josh Morrissey.
2:33 of 1st period - Magnus Paajarvi-Svensson wins face-off versus Drew Shore in Sasquatch zone.
3:24 of 1st period - Morgan Ellis is hit by Jesper Fast and loses puck.
3:29 of 1st period - Penalty to Austen Brassard is over, Austen Brassard is back on ice.
3:34 of 1st period - Off-side.
3:35 of 1st period - Seth Griffith wins face-off versus David Desharnais in neutral zone.
3:50 of 1st period - Snap shot by David Desharnais.
3:50 of 1st period - Stopped by Mike Condon without a rebound.
3:51 of 1st period - Jesper Fast wins face-off versus Devante Smith-Pelly in Gangsters zone.
4:06 of 1st period - Snap shot by Maxime Sauvé.
4:06 of 1st period - Stopped by Joonas Korpisalo without a rebound.
4:07 of 1st period - Tomas Hertl wins face-off versus Devin Shore in Sasquatch zone.
4:24 of 1st period - Derrick Pouliot is hit by Andrew Campbell and loses puck.
4:35 of 1st period - Snap shot by Tomas Hertl.
4:35 of 1st period - Shot Blocked by Dougie Hamilton.
4:55 of 1st period - Snap shot by David Desharnais.
4:55 of 1st period - Stopped by Mike Condon without a rebound.
4:56 of 1st period - Seth Griffith wins face-off versus David Desharnais in Gangsters zone.
5:21 of 1st period - Backhand shot by Jesper Fast.
5:21 of 1st period - Shot Misses the Net.
5:23 of 1st period - Wrist shot by Drew Shore.
5:23 of 1st period - Stopped by Mike Condon with a rebound.
5:25 of 1st period - Wrist shot by Jesper Fast.
5:25 of 1st period - Stopped by Mike Condon with a rebound.
5:27 of 1st period - Slapshot by Josh Morrissey.
5:27 of 1st period - Shot Blocked by Jonas Brodin.
5:31 of 1st period - Wrist shot by Jesper Fast.
5:31 of 1st period - Goal by Jesper Fast - Gangsters : 0 - Sasquatch : 1.
5:32 of 1st period - Drew Shore wins face-off versus Maxime Sauvé in neutral zone.
5:34 of 1st period - Off-side.
5:35 of 1st period - Drew Shore wins face-off versus Maxime Sauvé in neutral zone.
5:38 of 1st period - Snap shot by Jesper Fast.
5:38 of 1st period - Stopped by Mike Condon with a rebound.
5:40 of 1st period - Snap shot by Drew Shore.
5:40 of 1st period - Stopped by Mike Condon without a rebound.
5:41 of 1st period - Maxime Sauvé wins face-off versus Drew Shore in Gangsters zone.
5:43 of 1st period - Minor Penalty to Brett Ponich for Hooking.
5:44 of 1st period - Drew Shore wins face-off versus Maxime Sauvé in Gangsters zone.
7:39 of 1st period - Morgan Ellis is hit by Devin Shore and loses puck.
7:43 of 1st period - Penalty to Brett Ponich is over, Brett Ponich is back on ice.
8:21 of 1st period - Dougie Hamilton is hit by Matt Delahey and loses puck.
9:12 of 1st period - Slava Voynov is hit by Brett Ponich.
9:36 of 1st period - Matt Delahey is hit by Sergey Kalinin and loses puck.
9:49 of 1st period - Ryan Dzingel is hit by Morgan Ellis and loses puck.
10:17 of 1st period - Snap shot by Tomas Hertl.
10:17 of 1st period - Shot Misses the Net.
11:40 of 1st period - Off-side.
11:41 of 1st period - David Desharnais wins face-off versus Magnus Paajarvi-Svensson in neutral zone.
12:38 of 1st period - Icing by Brock Trotter.
12:39 of 1st period - Petr Straka wins face-off versus Maxime Sauvé in Sasquatch zone.
12:59 of 1st period - Slapshot by Brock Trotter.
12:59 of 1st period - Stopped by Mike Condon with a rebound.
13:05 of 1st period - Dougie Hamilton is hit by Stefan Noesen and loses puck.
13:31 of 1st period - Backhand shot by Seth Griffith.
13:31 of 1st period - Shot Misses the Net.
14:44 of 1st period - Sebastian Collberg is hit by Drew Shore.
14:48 of 1st period - Jesper Fast is hit by Steven Santini and loses puck.
15:07 of 1st period - Matt Halischuk is hit by Matt Delahey and loses puck.
15:14 of 1st period - Matt Delahey is hit by Matt Halischuk and loses puck.
16:33 of 1st period - Snap shot by Magnus Paajarvi-Svensson.
16:33 of 1st period - Stopped by Joonas Korpisalo without a rebound.
16:34 of 1st period - Sergey Kalinin wins face-off versus Tomas Hertl in Sasquatch zone.
16:45 of 1st period - Wrist shot by Sergey Kalinin.
16:45 of 1st period - Deflect By Tomas Hertl.
16:45 of 1st period - Shot Misses the Net.
16:45 of 1st period - Puck is out of play.
16:46 of 1st period - Drew Shore wins face-off versus Maxime Sauvé in Gangsters zone.
16:49 of 1st period - Wrist shot by Drew Shore.
16:49 of 1st period - Stopped by Mike Condon with a rebound.
16:59 of 1st period - Snap shot by Maxime Sauvé.
16:59 of 1st period - Goal by Maxime Sauvé - Gangsters : 1 - Sasquatch : 1.
17:00 of 1st period - Magnus Paajarvi-Svensson wins face-off versus Drew Shore in neutral zone.
17:07 of 1st period - Slapshot by Maxime Sauvé.
17:07 of 1st period - Shot Misses the Net.
17:13 of 1st period - Wrist shot by Devante Smith-Pelly.
17:13 of 1st period - Shot Blocked by Dougie Hamilton.
17:15 of 1st period - Snap shot by Devante Smith-Pelly.
17:15 of 1st period - Deflect By Maxime Sauvé.
17:15 of 1st period - Shot Misses the Net.
17:15 of 1st period - Puck is out of play.
17:16 of 1st period - Tomas Hertl wins face-off versus Sergey Kalinin in Sasquatch zone.
17:27 of 1st period - Snap shot by Teemu Hartikainen.
17:27 of 1st period - Shot Misses the Net.
17:46 of 1st period - Wrist shot by Devante Smith-Pelly.
17:46 of 1st period - Shot Blocked by Dougie Hamilton.
18:08 of 1st period - Backhand shot by Petr Straka.
18:08 of 1st period - Shot Blocked by Morgan Ellis.
18:32 of 1st period - Wrist shot by Nicolas Deslauriers.
18:32 of 1st period - Stopped by Mike Condon with a rebound.
18:52 of 1st period - Wrist shot by Tomas Hertl.
18:52 of 1st period - Shot Misses the Net.
18:54 of 1st period - Slapshot by Morgan Ellis.
18:54 of 1st period - Deflect By Tomas Hertl.
18:54 of 1st period - Shot Misses the Net.
18:54 of 1st period - Puck is out of play.
18:55 of 1st period - Maxime Sauvé wins face-off versus Drew Shore in Sasquatch zone.
19:22 of 1st period - Matt Halischuk is hit by Stefan Noesen and loses puck.
19:50 of 1st period - Brock Trotter is hit by Seth Griffith and loses puck.
Goals for this period are 1 for Gangsters vs 1 for Sasquatch.
Shots for this period are 5 for Gangsters vs 13 for Sasquatch.
2nd period
0:01 of 2nd period - Maxime Sauvé wins face-off versus Jesper Fast in neutral zone.
0:09 of 2nd period - Off-side.
0:10 of 2nd period - Drew Shore wins face-off versus Maxime Sauvé in neutral zone.
0:19 of 2nd period - Snap shot by Devante Smith-Pelly.
0:19 of 2nd period - Shot Misses the Net.
0:21 of 2nd period - Wrist shot by Magnus Paajarvi-Svensson.
0:21 of 2nd period - Shot Misses the Net.
0:23 of 2nd period - Slapshot by Matt Delahey.
0:23 of 2nd period - Deflect By Maxime Sauvé.
0:23 of 2nd period - Stopped by Joonas Korpisalo without a rebound.
0:24 of 2nd period - Drew Shore wins face-off versus Magnus Paajarvi-Svensson in Sasquatch zone.
0:29 of 2nd period - Magnus Paajarvi-Svensson is hit by Jesper Fast and loses puck.
0:54 of 2nd period - Snap shot by Tomas Hertl.
0:54 of 2nd period - Deflect By Dougie Hamilton.
0:54 of 2nd period - Shot Misses the Net.
0:54 of 2nd period - Puck is out of play.
0:55 of 2nd period - Sergey Kalinin wins face-off versus Tomas Hertl in Sasquatch zone.
1:20 of 2nd period - Teemu Hartikainen is hit by Dave Dziurzynski and loses puck.
1:25 of 2nd period - Slapshot by Tomas Hertl.
1:25 of 2nd period - Stopped by Joonas Korpisalo with a rebound.
1:34 of 2nd period - Double Minor Penalty to Sergey Kalinin for Roughing.
1:35 of 2nd period - Devante Smith-Pelly wins face-off versus Drew Shore in Sasquatch zone.
1:37 of 2nd period - Wrist shot by Maxime Sauvé.
1:37 of 2nd period - Shot Blocked by Andrew Campbell.
1:39 of 2nd period - Slapshot by Brett Ponich.
1:39 of 2nd period - Shot Blocked by Andrew Campbell.
1:41 of 2nd period - Snap shot by Maxime Sauvé.
1:41 of 2nd period - Stopped by Joonas Korpisalo without a rebound.
1:42 of 2nd period - Drew Shore wins face-off versus Maxime Sauvé in Sasquatch zone.
1:42 of 2nd period - Drew Shore is hit by Magnus Paajarvi-Svensson.
2:08 of 2nd period - Stefan Noesen is hit by Dougie Hamilton and loses puck.
2:57 of 2nd period - Dougie Hamilton is hit by Magnus Paajarvi-Svensson and loses puck.
3:29 of 2nd period - Icing by Stefan Noesen.
3:30 of 2nd period - Tomas Hertl wins face-off versus Petr Straka in Gangsters zone.
4:33 of 2nd period - Slava Voynov is hit by Brett Ponich and loses puck.
5:34 of 2nd period - Penalty to Sergey Kalinin is over, Sergey Kalinin is back on ice.
5:46 of 2nd period - David Pope is hit by Teemu Hartikainen and loses puck.
5:47 of 2nd period - David Pope from Gangsters is injured at 5:47 of 2nd period (Left Hand).
5:48 of 2nd period - Maxime Sauvé wins face-off versus Drew Shore in Gangsters zone.
6:18 of 2nd period - Slapshot by Dave Dziurzynski.
6:18 of 2nd period - Stopped by Joonas Korpisalo with a rebound.
6:20 of 2nd period - Snap shot by Tomas Hertl.
6:20 of 2nd period - Shot Misses the Net.
6:22 of 2nd period - Slapshot by Matt Delahey.
6:22 of 2nd period - Stopped by Joonas Korpisalo with a rebound.
6:24 of 2nd period - Snap shot by Dave Dziurzynski.
6:24 of 2nd period - Deflect By Stefan Noesen.
6:24 of 2nd period - Shot Blocked by Slava Voynov.
6:24 of 2nd period - Puck is out of play.
6:25 of 2nd period - Drew Shore wins face-off versus Seth Griffith in Sasquatch zone.
6:40 of 2nd period - Wrist shot by Jonas Brodin.
6:40 of 2nd period - Stopped by Joonas Korpisalo with a rebound.
6:50 of 2nd period - Magnus Paajarvi-Svensson is hit by Sergey Kalinin and loses puck.
7:11 of 2nd period - Martin Marincin is hit by Stefan Noesen and loses puck.
7:16 of 2nd period - Wrist shot by Dave Dziurzynski.
7:16 of 2nd period - Shot Misses the Net.
7:18 of 2nd period - Snap shot by Dave Dziurzynski.
7:18 of 2nd period - Stopped by Joonas Korpisalo with a rebound.
7:20 of 2nd period - Snap shot by Morgan Ellis.
7:20 of 2nd period - Stopped by Joonas Korpisalo with a rebound.
7:22 of 2nd period - Snap shot by Dave Dziurzynski.
7:22 of 2nd period - Stopped by Joonas Korpisalo with a rebound.
7:24 of 2nd period - Wrist shot by Stefan Noesen.
7:24 of 2nd period - Stopped by Joonas Korpisalo with a rebound.
7:30 of 2nd period - Minor Penalty to Brock Trotter for Holding.
7:31 of 2nd period - Devante Smith-Pelly wins face-off versus Drew Shore in Sasquatch zone.
9:28 of 2nd period - Andrew Campbell is hit by Brett Ponich and loses puck.
9:30 of 2nd period - Penalty to Brock Trotter is over, Brock Trotter is back on ice.
10:00 of 2nd period - Snap shot by Brock Trotter.
10:00 of 2nd period - Deflect By Petr Straka.
10:00 of 2nd period - Stopped by Mike Condon without a rebound.
10:01 of 2nd period - Sergey Kalinin wins face-off versus Kevin Roy in Gangsters zone.
10:18 of 2nd period - Sergey Kalinin is hit by Kevin Roy and loses puck.
10:35 of 2nd period - Slapshot by Tomas Hertl.
10:35 of 2nd period - Stopped by Joonas Korpisalo with a rebound.
10:42 of 2nd period - Off-side.
10:43 of 2nd period - Drew Shore wins face-off versus Maxime Sauvé in neutral zone.
10:56 of 2nd period - Devante Smith-Pelly is hit by Jesper Fast and loses puck.
11:03 of 2nd period - Brett Pesce is hit by Maxime Sauvé and loses puck.
11:14 of 2nd period - Tomas Hertl is hit by Teemu Hartikainen and loses puck.
11:21 of 2nd period - Backhand shot by Matt Halischuk.
11:21 of 2nd period - Goal by Matt Halischuk - Gangsters : 1 - Sasquatch : 2.
11:22 of 2nd period - Maxime Sauvé wins face-off versus Drew Shore in neutral zone.
11:24 of 2nd period - Off-side.
11:25 of 2nd period - Jesper Fast wins face-off versus Maxime Sauvé in neutral zone.
11:47 of 2nd period - Icing by Dougie Hamilton.
11:48 of 2nd period - Tomas Hertl wins face-off versus Drew Shore in Sasquatch zone.
12:05 of 2nd period - Dave Dziurzynski is hit by Andrew Campbell and loses puck.
12:14 of 2nd period - Snap shot by Drew Shore.
12:14 of 2nd period - Shot Misses the Net.
12:16 of 2nd period - Snap shot by Andrew Campbell.
12:16 of 2nd period - Shot Misses the Net.
12:42 of 2nd period - Snap shot by Dave Dziurzynski.
12:42 of 2nd period - Shot Misses the Net.
13:03 of 2nd period - Off-side.
13:04 of 2nd period - Maxime Sauvé wins face-off versus Sergey Kalinin in neutral zone.
13:11 of 2nd period - Wrist shot by Devante Smith-Pelly.
13:11 of 2nd period - Shot Blocked by Sergey Kalinin.
13:13 of 2nd period - Slapshot by Maxime Sauvé.
13:13 of 2nd period - Stopped by Joonas Korpisalo with a rebound.
13:15 of 2nd period - Wrist shot by Devante Smith-Pelly.
13:15 of 2nd period - Shot Misses the Net.
13:17 of 2nd period - Wrist shot by Maxime Sauvé.
13:17 of 2nd period - Stopped by Joonas Korpisalo without a rebound.
13:18 of 2nd period - Maxime Sauvé wins face-off versus Devin Shore in Sasquatch zone.
13:19 of 2nd period - Snap shot by Devante Smith-Pelly.
13:19 of 2nd period - Shot Misses the Net.
13:21 of 2nd period - Slapshot by Matt Delahey.
13:21 of 2nd period - Shot Misses the Net.
13:23 of 2nd period - Snap shot by Devante Smith-Pelly.
13:23 of 2nd period - Stopped by Joonas Korpisalo without a rebound.
13:24 of 2nd period - Maxime Sauvé wins face-off versus Devin Shore in Sasquatch zone.
13:49 of 2nd period - Slava Voynov is hit by Matt Delahey and loses puck.
13:58 of 2nd period - Slapshot by Slava Voynov.
13:58 of 2nd period - Shot Blocked by Matt Delahey.
14:18 of 2nd period - Slapshot by Kevin Roy.
14:18 of 2nd period - Shot Hit the Post.
16:10 of 2nd period - Snap shot by Jonas Brodin.
16:10 of 2nd period - Stopped by Joonas Korpisalo with a rebound.
16:12 of 2nd period - Wrist shot by Stefan Noesen.
16:12 of 2nd period - Shot Misses the Net.
16:18 of 2nd period - Slapshot by Tomas Hertl.
16:18 of 2nd period - Stopped by Joonas Korpisalo without a rebound.
16:19 of 2nd period - Drew Shore wins face-off versus Maxime Sauvé in Sasquatch zone.
16:53 of 2nd period - Snap shot by Matt Halischuk.
16:53 of 2nd period - Stopped by Mike Condon without a rebound.
16:54 of 2nd period - Drew Shore wins face-off versus Maxime Sauvé in Gangsters zone.
17:49 of 2nd period - Icing by Dougie Hamilton.
17:50 of 2nd period - Devin Shore wins face-off versus Maxime Sauvé in Sasquatch zone.
17:57 of 2nd period - Wrist shot by Petr Straka.
17:57 of 2nd period - Stopped by Mike Condon without a rebound.
17:58 of 2nd period - Drew Shore wins face-off versus Maxime Sauvé in Gangsters zone.
18:01 of 2nd period - Wrist shot by Drew Shore.
18:01 of 2nd period - Stopped by Mike Condon with a rebound.
18:03 of 2nd period - Wrist shot by Jesper Fast.
18:03 of 2nd period - Stopped by Mike Condon with a rebound.
18:05 of 2nd period - Wrist shot by Jesper Fast.
18:05 of 2nd period - Shot Misses the Net.
18:07 of 2nd period - Slapshot by Dougie Hamilton.
18:07 of 2nd period - Shot Blocked by Devante Smith-Pelly.
18:09 of 2nd period - Wrist shot by Ryan Dzingel.
18:09 of 2nd period - Stopped by Mike Condon without a rebound.
18:10 of 2nd period - Maxime Sauvé wins face-off versus Drew Shore in Gangsters zone.
18:26 of 2nd period - Devante Smith-Pelly is hit by Jesper Fast and loses puck.
18:41 of 2nd period - Snap shot by Dave Dziurzynski.
18:41 of 2nd period - Stopped by Joonas Korpisalo with a rebound.
18:43 of 2nd period - Snap shot by Brett Ponich.
18:43 of 2nd period - Deflect By Tomas Hertl.
18:43 of 2nd period - Goal by Tomas Hertl - Gangsters : 2 - Sasquatch : 2.
18:44 of 2nd period - Maxime Sauvé wins face-off versus Ryan Dzingel in neutral zone.
18:49 of 2nd period - Snap shot by Maxime Sauvé.
18:49 of 2nd period - Stopped by Joonas Korpisalo with a rebound.
18:59 of 2nd period - Snap shot by Dougie Hamilton.
18:59 of 2nd period - Stopped by Mike Condon with a rebound.
Goals for this period are 1 for Gangsters vs 1 for Sasquatch.
Shots for this period are 19 for Gangsters vs 8 for Sasquatch.
3rd period
0:01 of 3rd period - Maxime Sauvé wins face-off versus Drew Shore in neutral zone.
0:34 of 3rd period - Icing by Matt Delahey.
0:35 of 3rd period - Seth Griffith wins face-off versus Sergey Kalinin in Gangsters zone.
0:42 of 3rd period - Snap shot by Matt Delahey.
0:42 of 3rd period - Stopped by Joonas Korpisalo with a rebound.
0:56 of 3rd period - Wrist shot by Seth Griffith.
0:56 of 3rd period - Shot Misses the Net.
0:58 of 3rd period - Slapshot by Matt Delahey.
0:58 of 3rd period - Shot Blocked by Petr Straka.
1:00 of 3rd period - Wrist shot by Sebastian Collberg.
1:00 of 3rd period - Stopped by Joonas Korpisalo with a rebound.
1:02 of 3rd period - Snap shot by Matt Delahey.
1:02 of 3rd period - Stopped by Joonas Korpisalo with a rebound.
1:04 of 3rd period - Wrist shot by Anthony Camara.
1:04 of 3rd period - Stopped by Joonas Korpisalo with a rebound.
1:43 of 3rd period - Off-side.
1:44 of 3rd period - Maxime Sauvé wins face-off versus Sergey Kalinin in neutral zone.
2:02 of 3rd period - Minor Penalty to Josh Morrissey for Interference.
2:03 of 3rd period - Drew Shore wins face-off versus Maxime Sauvé in Sasquatch zone.
2:16 of 3rd period - Off-side.
2:17 of 3rd period - Drew Shore wins face-off versus Maxime Sauvé in neutral zone.
2:36 of 3rd period - Dougie Hamilton is hit by Maxime Sauvé and loses puck.
3:37 of 3rd period - Stefan Noesen is hit by Andrew Campbell and loses puck.
4:02 of 3rd period - Penalty to Josh Morrissey is over, Josh Morrissey is back on ice.
4:06 of 3rd period - Slapshot by Brock Trotter.
4:06 of 3rd period - Stopped by Mike Condon with a rebound.
5:06 of 3rd period - Snap shot by Sergey Kalinin.
5:06 of 3rd period - Shot Misses the Net.
5:20 of 3rd period - Seth Griffith is hit by Jesper Fast and loses puck.
5:41 of 3rd period - Slapshot by Dave Dziurzynski.
5:41 of 3rd period - Stopped by Joonas Korpisalo with a rebound.
6:23 of 3rd period - Off-side.
6:24 of 3rd period - Drew Shore wins face-off versus Kevin Roy in neutral zone.
6:35 of 3rd period - Snap shot by Jesper Fast.
6:35 of 3rd period - Stopped by Mike Condon with a rebound.
6:47 of 3rd period - Stefan Noesen is hit by Nicolas Deslauriers and loses puck.
6:57 of 3rd period - Icing by Dave Dziurzynski.
6:58 of 3rd period - Drew Shore wins face-off versus Tomas Hertl in Gangsters zone.
7:32 of 3rd period - Snap shot by Brock Trotter.
7:32 of 3rd period - Shot Blocked by Dave Dziurzynski.
7:34 of 3rd period - Wrist shot by Devin Shore.
7:34 of 3rd period - Shot Misses the Net.
7:36 of 3rd period - Slapshot by Dougie Hamilton.
7:36 of 3rd period - Shot Misses the Net.
7:48 of 3rd period - Snap shot by Nicolas Deslauriers.
7:48 of 3rd period - Goal by Nicolas Deslauriers - Gangsters : 2 - Sasquatch : 3.
7:49 of 3rd period - Maxime Sauvé wins face-off versus Drew Shore in neutral zone.
8:04 of 3rd period - Snap shot by Jesper Fast.
8:04 of 3rd period - Stopped by Mike Condon without a rebound.
8:05 of 3rd period - Teemu Hartikainen wins face-off versus Seth Griffith in Gangsters zone.
8:06 of 3rd period - Wrist shot by Matt Halischuk.
8:06 of 3rd period - Goal by Matt Halischuk - Gangsters : 2 - Sasquatch : 4.
8:07 of 3rd period - Maxime Sauvé wins face-off versus Drew Shore in neutral zone.
8:10 of 3rd period - Wrist shot by Magnus Paajarvi-Svensson.
8:10 of 3rd period - Shot Misses the Net.
8:32 of 3rd period - Magnus Paajarvi-Svensson is hit by Petr Straka and loses puck.
8:57 of 3rd period - Slapshot by Slava Voynov.
8:57 of 3rd period - Deflect By Sergey Kalinin.
8:57 of 3rd period - Shot Blocked by Matt Delahey.
8:57 of 3rd period - Puck is out of play.
8:58 of 3rd period - Teemu Hartikainen wins face-off versus Tomas Hertl in Gangsters zone.
9:03 of 3rd period - Snap shot by Sergey Kalinin.
9:03 of 3rd period - Stopped by Mike Condon without a rebound.
9:04 of 3rd period - Tomas Hertl wins face-off versus Drew Shore in Gangsters zone.
9:33 of 3rd period - Wrist shot by Seth Griffith.
9:33 of 3rd period - Shot Blocked by Matt Halischuk.
9:59 of 3rd period - Wrist shot by Petr Straka.
9:59 of 3rd period - Shot Misses the Net.
10:11 of 3rd period - Phillip Danault is hit by Drew Shore.
10:22 of 3rd period - Off-side.
10:23 of 3rd period - Maxime Sauvé wins face-off versus Sergey Kalinin in neutral zone.
11:12 of 3rd period - Slapshot by Derrick Pouliot.
11:12 of 3rd period - Deflect By Petr Straka.
11:12 of 3rd period - Stopped by Joonas Korpisalo without a rebound.
11:13 of 3rd period - Maxime Sauvé wins face-off versus Devin Shore in Sasquatch zone.
11:32 of 3rd period - Slapshot by Dougie Hamilton.
11:32 of 3rd period - Stopped by Mike Condon without a rebound.
11:33 of 3rd period - Tomas Hertl wins face-off versus Drew Shore in Gangsters zone.
11:42 of 3rd period - Wrist shot by Drew Shore.
11:42 of 3rd period - Goal by Drew Shore - Gangsters : 2 - Sasquatch : 5.
11:43 of 3rd period - Maxime Sauvé wins face-off versus Drew Shore in neutral zone.
11:54 of 3rd period - Snap shot by Maxime Sauvé.
11:54 of 3rd period - Shot Hit the Post.
11:56 of 3rd period - Slapshot by Matt Delahey.
11:56 of 3rd period - Stopped by Joonas Korpisalo with a rebound.
11:58 of 3rd period - Slapshot by Magnus Paajarvi-Svensson.
11:58 of 3rd period - Shot Misses the Net.
12:08 of 3rd period - Stefan Noesen is hit by Sergey Kalinin.
12:22 of 3rd period - Dave Dziurzynski is hit by Teemu Hartikainen and loses puck.
12:40 of 3rd period - Snap shot by Seth Griffith.
12:40 of 3rd period - Shot Blocked by Petr Straka.
12:42 of 3rd period - Wrist shot by Sebastian Collberg.
12:42 of 3rd period - Deflect By Seth Griffith.
12:42 of 3rd period - Stopped by Joonas Korpisalo with a rebound.
13:06 of 3rd period - Slapshot by Devante Smith-Pelly.
13:06 of 3rd period - Stopped by Joonas Korpisalo with a rebound.
14:35 of 3rd period - Off-side.
14:36 of 3rd period - Drew Shore wins face-off versus Seth Griffith in neutral zone.
14:36 of 3rd period - Dougie Hamilton is hit by Anthony Camara and loses puck.
14:41 of 3rd period - Snap shot by Drew Shore.
14:41 of 3rd period - Stopped by Mike Condon with a rebound.
14:43 of 3rd period - Slapshot by Drew Shore.
14:43 of 3rd period - Shot Blocked by Brett Ponich.
14:45 of 3rd period - Wrist shot by Ryan Dzingel.
14:45 of 3rd period - Stopped by Mike Condon with a rebound.
14:47 of 3rd period - Slapshot by Jesper Fast.
14:47 of 3rd period - Stopped by Mike Condon with a rebound.
14:49 of 3rd period - Wrist shot by Andrew Campbell.
14:49 of 3rd period - Shot Misses the Net.
15:11 of 3rd period - Maxime Sauvé is hit by Teemu Hartikainen and loses puck.
15:48 of 3rd period - Off-side.
15:49 of 3rd period - Ryan Dzingel wins face-off versus Kevin Roy in neutral zone.
16:02 of 3rd period - Wrist shot by Jesper Fast.
16:02 of 3rd period - Shot Blocked by Austen Brassard.
16:04 of 3rd period - Wrist shot by Drew Shore.
16:04 of 3rd period - Stopped by Mike Condon with a rebound.
16:27 of 3rd period - Wrist shot by Magnus Paajarvi-Svensson.
16:27 of 3rd period - Goal by Magnus Paajarvi-Svensson - Gangsters : 3 - Sasquatch : 5.
16:28 of 3rd period - Devin Shore wins face-off versus Seth Griffith in neutral zone.
17:23 of 3rd period - Martin Marincin is hit by Dave Dziurzynski and loses puck.
17:46 of 3rd period - Wrist shot by Nicolas Deslauriers.
17:46 of 3rd period - Stopped by Mike Condon with a rebound.
17:48 of 3rd period - Wrist shot by Sven Andrighetto.
17:48 of 3rd period - Shot Blocked by Morgan Ellis.
17:55 of 3rd period - Icing by Phillip Danault.
17:56 of 3rd period - Kevin Roy wins face-off versus Devin Shore in Gangsters zone.
17:56 of 3rd period - Kevin Roy is hit by Devin Shore.
18:32 of 3rd period - Wrist shot by Devante Smith-Pelly.
18:32 of 3rd period - Shot Misses the Net.
18:50 of 3rd period - Snap shot by Stefan Noesen.
18:50 of 3rd period - Deflect By Dave Dziurzynski.
18:50 of 3rd period - Stopped by Joonas Korpisalo with a rebound.
19:18 of 3rd period - Andrew Campbell is hit by Sebastian Collberg.
Goals for this period are 1 for Gangsters vs 3 for Sasquatch.
Shots for this period are 11 for Gangsters vs 13 for Sasquatch.
Back to the Top